 Dungeon Crawl Stone Soup version 0.31-a0-230-g09eb5fc4d3 (webtiles) character file.

Game seed: 1163998095090128894

616 qw the Shooter (level 7, 0/43 HPs)
             Began as a Gargoyle Hexslinger on July 6, 2023.
             Slain by a phantom (3 damage)
             ... on level 6 of the Dungeon.
             The game lasted 00:01:39 (3951 turns).

qw the Shooter (Gargoyle Hexslinger)                Turns: 3951, Time: 00:01:40

Health: 0/43       AC: 11    Str: 12    XL:     7   Next: 45%
Magic:  8/8        EV: 10    Int: 13    God:
Gold:   172        SH:  5    Dex: 14    Spells: 7/8 levels left

rFire   . . .        Y - +3 sling
rCold   . . .        (no shield)
rNeg    + . .        f - +0 ring mail
rPois   inf          (no helmet)
rElec   +            (no cloak)
rCorr   .            (no gloves)
SInv    .            h - +0 pair of boots
Will    .....        d - amulet of reflection
Stlth   +            (no ring)
HPRegen 0.27/turn    (no ring)
MPRegen 0.11/turn

%: reflection
@: no status effects
A: sickness immunity, AC +4, negative energy resistance 1, electricity
resistance, torment resistance 1, petrification resistance
a: no special abilities


You were on level 6 of the Dungeon.
You visited 1 branch of the dungeon, and saw 6 of its levels.

You collected 286 gold pieces.
You spent 114 gold pieces at shops.


Innate Abilities, Weirdness & Mutations

You are immune to sickness and miasma.
Your stone body is resilient. (AC +4)
You are immune to poison.
You resist negative energy. (rN+)
You are resistant to electric shocks. (rElec)
You are resistant to unholy torment.
You are immune to petrification.


   Skills:
 - Level 4.1 Fighting
 + Level 7.0 Ranged Weapons
 - Level 1.0 Armour
 - Level 1.5 Dodging
 - Level 1.0 Spellcasting
 - Level 2.6 Hexes


You had 7 spell levels left.
You knew the following spells:

 Your Spells              Type           Power      Damage    Failure   Level
a - Slow                  Hex            28%        N/A       22%         1

Your spell library contained the following spells:

 Spells                   Type           Power      Damage    Failure   Level
 Inner Flame              Hex/Fire       4%         N/A       73%         3
 Portal Projectile        Hex/Tloc       8%         N/A       73%         3
 Cause Fear               Hex            3%         N/A       91%         4

Inventory:

Hand Weapons
 Y - a +3 sling (weapon)
Armour
 f - a +0 ring mail (worn)
 h - a +0 pair of boots (worn)
Jewellery
 d - an amulet of reflection (around neck)
Scrolls
 g - a scroll of identify
Potions
 a - a potion of cancellation
 c - a potion of mutation {unknown}
 e - a potion of degeneration {unknown}
 i - 2 potions of haste

Dungeon Overview and Level Annotations

Branches:
Dungeon (6/15)
 Temple: D:4-7

Altars:
Kikubaaqudgha
Makhleb
Wu Jian
Xom

Shops:
D:1 !=   D:3 ?


Message History

The jelly is severely wounded.
The phantom hits you but does no damage.
The jelly closely misses you.
You shoot a sling bullet. The sling bullet hits the jelly.
You kill the jelly!
The phantom hits you but does no damage.
Your Ranged Weapons skill increases to level 7!
You shoot a sling bullet. The sling bullet misses the phantom.
The phantom hits you but does no damage. x2
You shoot a sling bullet.
The sling bullet hits the phantom but does no damage.
You block the phantom's attack.
You shoot a sling bullet.
The sling bullet closely misses the phantom.
The phantom hits you but does no damage.
You shoot a sling bullet.
The sling bullet closely misses the phantom.
The phantom misses you.
You shoot a sling bullet. The sling bullet hits the phantom.
The phantom is lightly damaged.
The phantom hits you.
The phantom blinks!
You blink.
You shoot a sling bullet.
The sling bullet closely misses the phantom.
You block the phantom's attack.
You shoot a sling bullet. The sling bullet misses the phantom.
The phantom hits you but does no damage.
You shoot a sling bullet. The sling bullet hits the phantom.
The phantom is moderately damaged.
You block the phantom's attack.
You shoot a sling bullet.
The sling bullet completely misses the phantom.
The phantom hits you.
The phantom blinks!
You blink.
Found 14 gold pieces.
The phantom barely misses you.
You shoot a sling bullet. The sling bullet hits the phantom!
The phantom is heavily damaged.
You block the phantom's attack.
You shoot a sling bullet. The sling bullet hits the phantom.
The phantom is severely damaged.
The phantom hits you.
You die...

..#.$.. P#...
#.#.... ...#.....
.......
...............
.....
#..............
....##.......?......
#..................
##W.............$..
#..@...#........#
##.............?#..
##...........$....
##...............
#.....#......#..
#....####......#
...### #.....# ....
#....# ##... ##...


You could see a phantom.

Vanquished Creatures
  An ogre (D:5)
  2 scorpions (D:5)
  A howler monkey (D:5)
  A crimson imp (D:4)
  4 hounds
  3 jellies (D:6)
  2 adders
  2 ufetubi
  3 worms (D:2)
  2 dart slugs
  7 orcs
  3 ball pythons
  A bat zombie (D:3)
  5 endoplasms
  A giant cockroach (D:3)
  12 hobgoblins
  4 jackals (D:2)
  6 quokkas
  4 bats
  6 frilled lizards
  9 goblins
  9 kobolds
  8 rats
96 creatures vanquished.

Notes
Turn   | Place    | Note
-------+----------+-------------------------------------------
     0 | D:1      | qw the Gargoyle Hexslinger began the quest for the Orb.
     0 | D:1      | Reached XP level 1. HP: 12/12 MP: 2/2
     0 | D:1      | 0 ||| qw: Version: 0.3-a-46-gb1f654a
     0 | D:1      | 0 ||| qw: Game counter: 1728
     0 | D:1      | 0 ||| qw: Melee chars always use a shield: true
     0 | D:1      | 0 ||| qw: God list: Okawaru
     0 | D:1      | 0 ||| qw: Allow faded altars: false
     0 | D:1      | 0 ||| qw: Do Orc after clearing Dungeon:15 true
     0 | D:1      | 0 ||| qw: Do second Lair branch before Depths: true
     0 | D:1      | 0 ||| qw: Lair rune preference: random
     0 | D:1      | 0 ||| qw: Goals: Normal
     0 | D:1      | 0 ||| PLANNING D:1-11
    10 | D:1      | Found Zomatih's Jewellery Emporium.
    50 | D:1      | 50 ||| SHOPLISTING +4 ring of protection (468 gold, have
                  | 0).
    50 | D:1      | 50 ||| SHOPLISTING amulet of reflection (390 gold, have 0).
    50 | D:1      | 50 ||| SHOPLISTING amulet of the acrobat (390 gold, have
                  | 0).
    50 | D:1      | 50 ||| SHOPLISTING ring "Zutuun" {rPois Str+6} (514 gold,
                  | have 0).
    50 | D:1      | 50 ||| SHOPLISTING ring of ice (325 gold, have 0).
    50 | D:1      | 50 ||| SHOPLISTING ring of see invisible (195 gold, have
                  | 0).
    82 | D:1      | Reached XP level 2. HP: 16/16 MP: 3/3
   187 | D:1      | 187 ||| FLEEEEING.
   188 | D:1      | 188 ||| FLEEEEING.
   189 | D:1      | 189 ||| FLEEEEING.
   190 | D:1      | 190 ||| FLEEEEING.
   196 | D:1      | Reached skill level 3 in Ranged Weapons
   375 | D:1      | Found Ysenwimp's Distillery.
   381 | D:1      | 381 ||| SHOPLISTING potion of cancellation (80 gold, have
                  | 16).
   381 | D:1      | 381 ||| SHOPLISTING potion of curing (30 gold, have 16).
   381 | D:1      | 381 ||| SHOPLISTING potion of heal wounds (50 gold, have
                  | 16).
   381 | D:1      | 381 ||| SHOPLISTING potion of might (40 gold, have 16).
   381 | D:1      | 381 ||| SHOPLISTING potion of mutation (80 gold, have 16).
   627 | D:1      | 627 ||| UPGRADING to +0 ring mail.
   637 | D:1      | 637 ||| DROPPING +0 robe.
   638 | D:1      | 638 ||| READING scroll labelled SAGRAKAHERR.
   639 | D:1      | 639 ||| READING 2 scrolls labelled OLOOFY OKYLASK.
   642 | D:1      | 642 ||| READING 2 scrolls labelled LIAMIP BAQERI.
   643 | D:1      | 643 ||| READING scroll labelled PICHOO UHEVISAE.
   644 | D:1      | 644 ||| DROPPING scroll of poison.
   645 | D:1      | 645 ||| DROPPING scroll of fog.
   653 | D:2      | 653 ||| STAIRDANCE
   657 | D:1      | Reached XP level 3. HP: 20/21 MP: 4/4
   855 | D:2      | HP: 4/21 [worm (6)]
   856 | D:2      | 856 ||| READING scroll of teleportation.
  1017 | D:2      | You fall into a shaft and drop 2 floors!
  1050 | D:4      | Reached skill level 4 in Ranged Weapons
  1050 | D:4      | Reached XP level 4. HP: 16/26 MP: 5/5
  1136 | D:4      | Reached skill level 1 in Armour
  1175 | D:4      | 1175 ||| READING scroll labelled PAEJOPNU YVOE.
  1176 | D:4      | 1176 ||| DRINKING 2 silvery potions.
  1191 | D:3      | 1191 ||| FLEEEEING.
  1192 | D:3      | 1192 ||| STAIRDANCE
  1244 | D:2      | 1244 ||| FLEEEEING.
  1541 | D:2      | Reached XP level 5. HP: 30/30 MP: 6/6
  1604 | D:2      | 1604 ||| READING scroll labelled FEHUSILOOS.
  1639 | D:3      | 1639 ||| STAIRDANCE
  1890 | D:3      | Found an ornate altar of the Wu Jian Council.
  1940 | D:3      | Found Lawn's Magic Scroll Boutique.
  1947 | D:3      | 1947 ||| BUYING scroll of enchant weapon (90 gold).
  1947 | D:3      | Bought a scroll of enchant weapon for 90 gold pieces
  1947 | D:3      | 1947 ||| SHOPLISTING scroll of enchant weapon (90 gold,
                  | have 60).
  1947 | D:3      | 1947 ||| BUYING scroll of identify (24 gold).
  1947 | D:3      | Bought a scroll of identify for 24 gold pieces
  1947 | D:3      | 1947 ||| READING scroll of enchant weapon.
  1947 | D:3      | 1947 ||| ENCHANTING +2 sling.
  2037 | D:3      | Found an ancient bone altar of Kikubaaqudgha.
  2266 | D:3      | 2266 ||| READING 2 scrolls labelled RIGGIFE NICW.
  2267 | D:3      | 2267 ||| DROPPING scroll of butterflies.
  2336 | D:4      | Found a burning altar of Makhleb.
  2337 | D:4      | Found a shimmering altar of Xom.
  2359 | D:4      | Reached skill level 5 in Ranged Weapons
  2703 | D:4      | 2703 ||| READING scroll labelled SEMECR WOMU.
  2704 | D:4      | 2704 ||| DRINKING 2 bubbling brown potions.
  2705 | D:4      | 2705 ||| READING 2 scrolls of identify.
  2705 | D:4      | 2705 ||| IDENTIFYING fizzy red potion
  2706 | D:4      | 2706 ||| DROPPING potion of attraction.
  2720 | D:5      | Entered Level 5 of the Dungeon
  2726 | D:5      | Noticed an ogre
  2734 | D:5      | Killed an ogre
  2735 | D:5      | Reached skill level 3 in Fighting
  2735 | D:5      | Reached XP level 6. HP: 19/38 MP: 7/7
  3441 | D:5      | Reached skill level 6 in Ranged Weapons
  3464 | D:5      | Reached XP level 7. HP: 41/43 MP: 8/8
  3803 | D:5      | 3803 ||| UPGRADING to +0 pair of boots.
  3808 | D:5      | 3808 ||| UPGRADING to amulet of reflection.
  3914 | D:6      | Identified the +4 scale mail of Heowam {rC+}
  3914 | D:6      | Noticed a cyan ugly thing
  3931 | D:6      | HP: 9/43 [cyan ugly thing (5)]
  3931 | D:6      | HP: 4/43 [cyan ugly thing (5)]
  3932 | D:6      | 3932 ||| READING scroll of teleportation.
  3941 | D:6      | Reached skill level 7 in Ranged Weapons
  3945 | D:6      | HP: 2/43 [phantom (6)]
  3951 | D:6      | Slain by a phantom

Levels and vault maps discovered:
D:1:      spicycebolla_arrival_ecumenical, layout_loops_ring, serial_shops,
          shop, shop
D:2:      layout_loops_ring
D:3:      layout_basic, lemuel_zombie_altar_kikubaaqudgha,
          nzn_wu_jian_council_hall, serial_shops, shop, minmay_cupped
D:4:      layout_cave_pools, grunt_temple_overflow_champion_of_chaos,
          skrybe_limestone_x, kennysheep_nondescript
D:5:      layout_cave_pods, nicolae_zen_rock_garden
D:6:      layout_cave_pools, serial_bayou_ford_a, uniq_eustachio, uniq_grinder

Skill      XL: |  1  2  3  4  5  6  7 |
---------------+----------------------+-----
Ranged Weapons | 3 4 5 6 7 |  7.0
Fighting       | 2 3 4 |  4.1
Armour         | 1 |  1.0
Dodging        | |  1.5
Spellcasting   | |  1.0
Hexes          | |  2.6

Action                     |  1- 3 |  4- 6 |  7- 9 || total
---------------------------+-------+-------+-------++-------
   Fire: Sling             |   153 |   178 |    55 ||   386
    Use: Scroll            |     5 |     6 |     1 ||    12
         Potion            |       |     2 |       ||     2
 Armour: Robe              |    13 |       |       ||    13
         Ring mail         |    32 |    32 |    17 ||    81
  Dodge: Dodged            |    54 |    49 |    17 ||   120
  Block: Other             |       |       |    11 ||    11

Table legend:
 A = Non-vault XP
 B = Vault XP
 C = Vault XP percentage of total XP
 D = Non-vault monster count
 E = Vault monster count
 F = Vault count percentage of total count
                 A         B        C        D         E       F
            +---------+---------+-------+---------+---------+-------
      Total |     825 |      55 |   6.2 |      92 |       4 |   4.2
            +---------+---------+-------+---------+---------+-------
        D:1 |      34 |       0 |   0.0 |      22 |       0 |   0.0
        D:2 |      53 |       0 |   0.0 |      25 |       0 |   0.0
        D:3 |      22 |       5 |  18.5 |      12 |       3 |  20.0
        D:4 |      90 |      50 |  35.7 |      16 |       1 |   5.9
        D:5 |     501 |       0 |   0.0 |      14 |       0 |   0.0
        D:6 |     125 |       0 |   0.0 |       3 |       0 |   0.0
            +---------+---------+-------+---------+---------+-------
